 Dungeon Crawl Stone Soup version 0.22.1-1-ga44c0e5 (webtiles) character file.

10422 brandon the Cleaver (level 11, -1/101 HPs)
             Began as a Minotaur Berserker on Oct 2, 2018.
             Was an Elder of Trog.
             Succumbed to Sonja's poison
             ... on level 1 of the Lair of Beasts.
             The game lasted 00:23:46 (13964 turns).

brandon the Cleaver (Minotaur Berserker)           Turns: 13964, Time: 00:23:47

Health: -1/101     AC: 22    Str: 22    XL:     11   Next: 36%
Magic:  10/10      EV:  8    Int:  4    God:    Trog [****..]
Gold:   737        SH:  9    Dex: 13    Spells: 10/10 levels left

rFire    + . .     SeeInvis .   C - +1 broad axe
rCold    . . .     Gourm    .   d - +0 buckler
rNeg     . . .     Faith    .   K - +0 plate armour
rPois    .         Spirit   .   m - +1 hat
rElec    .         Reflect  +   S - +1 cloak
rCorr    .         Harm     .   O - +2 pair of gloves
MR       .....                  f - +0 pair of boots
Stlth    ..........             R - +3 amulet of reflection
HPRegen  0.26/turn              h - ring of protection from fire
MPRegen  0.12/turn              n - ring of flight

@: lethally poisoned (-1 -> -50), berserk cooldown, slowed, very slow
A: retaliatory headbutt, horns 2
a: Berserk, Trog's Hand, Brothers in Arms, Renounce Religion, Evoke Flight


You were on level 1 of the Lair of Beasts.
You worshipped Trog.
Trog was greatly pleased with you.
You were very hungry.

You visited 2 branches of the dungeon, and saw 12 of its levels.

You collected 737 gold pieces.

Inventory:

Hand Weapons
 C - a +1 broad axe (weapon)
 I - a +5 antimagic rapier
Armour
 d - a +0 buckler (worn)
 f - a +0 pair of boots (worn)
 m - a +1 hat (worn)
 p - a +2 large shield
 K - a +0 plate armour (worn)
 O - a +2 pair of gloves (worn)
 S - a +1 cloak (worn)
Jewellery
 h - a ring of protection from fire (left hand)
 n - a ring of flight (right hand)
 q - an uncursed amulet of faith
 y - an uncursed amulet of guardian spirit
 R - a +3 amulet of reflection (around neck)
Wands
 s - a wand of disintegration (25)
 u - a wand of enslavement (8)
 E - a wand of acid (8)
 N - a wand of scattershot (6)
Scrolls
 a - a scroll of vulnerability {unknown}
 g - 4 scrolls of teleportation
 i - 4 scrolls of remove curse
 j - 2 scrolls of enchant weapon
 k - 4 scrolls of enchant armour
 l - 3 scrolls of fog
 w - a scroll of identify
 x - a scroll of fear {unknown}
 B - a scroll of immolation {unknown}
 D - a scroll of random uselessness {unknown}
 J - a scroll of brand weapon {unknown}
 P - 2 scrolls of holy word
 Q - 2 scrolls of blinking
Potions
 b - 2 potions of lignification {unknown}
 e - a potion of cancellation {unknown}
 o - 2 potions of brilliance {unknown}
 r - 2 potions of berserk rage {unknown}
 t - 4 potions of heal wounds
 v - a potion of mutation {unknown}
 z - a potion of magic {unknown}
 A - 2 potions of curing {unknown}
 G - 3 potions of agility
 H - 2 potions of haste {unknown}
 L - a potion of flight {unknown}
 M - a potion of invisibility {unknown}
 U - a potion of ambrosia {unknown}
Comestibles
 c - 30 rations


   Skills:
 + Level 10.3 Fighting
 * Level 13.6 Axes
 + Level 9.9 Armour
 - Level 3.3 Dodging
 + Level 9.0 Shields


You had 10 spell levels left.
You didn't know any spells.
Your spell library contained the following spells:

 Spells                   Type           Power        Failure   Level  Hunger
 Poisonous Vapours        Pois/Air       #.....       100%        2    ###....
 Conjure Flame            Conj/Fire      #.......     100%        3    ####...
 Mephitic Cloud           Conj/Pois/Air  #.......     100%        3    ####...
 Freezing Cloud           Conj/Ice/Air   #.........   100%        6    #######
 Ring of Flames           Chrm/Fire      #.........   100%        7    #######


Dungeon Overview and Level Annotations

Branches:
Dungeon (11/15)            Temple (0/1) D:5            Lair (1/6) D:10
    Orc (0/2) D:9

Altars:
Cheibriados
Fedhas
Gozag
Hepliaklqana
Nemelex Xobeh
Qazlal
Ru
Sif Muna
Trog
Wu Jian

Shops:
D:7 }   D:11 (

Annotations:
D:6 4 runed doors, geeseburger's ghost, novice NaFi
Lair:1 Sonja


Innate Abilities, Weirdness & Mutations

You reflexively headbutt those who attack you in melee.
You have a pair of horns on your head.


Message History

Sonja barely misses you.
You barely miss Sonja.
* * * LOW HITPOINT WARNING * * *
You feel very sick.
Sonja gestures wildly while chanting.
Sonja blinks!
Unknown command.
You are feeling very hungry.
* * * LOW HITPOINT WARNING * * *
You feel very sick.
There is an open door here.
You are too berserk!
You feel a strong urge to attack something.
* * * LOW HITPOINT WARNING * * *
You feel very sick.
You slam the door shut with a bang!
You are no longer berserk.
You are exhausted.
You feel as though you will be slow longer.
You die...

#..#P####.##........ .....
##... ............... .....
#.... ............... .....
P..# ###........ .....
#..#######P((.K.##.###....
#..##.....'....#......#...
#..#.....(##...#..........
##...#.....#....#......#...
#...##....@##...#..........
##..#.....(+.ยง..#......#...
#..######.##...#......#...
#..###P####...........#...
#..............####.##....
#.........................
#.........................
#####.##.###########.#####
###### ###


There were no monsters in sight!

Vanquished Creatures
  A two-headed ogre (D:11)
  Urug (D:10)
  An ugly thing (D:11)
  A centaur zombie (D:10)
  2 komodo dragons
  2 spiny frogs (Lair:1)
  4 slime creatures (D:10)
  2 hippogriffs (D:11)
  A spriggan (D:10)
  A wyvern (D:5)
  3 yaks (D:10)
  Menkaure (D:7)
  Edmund (D:4)
  2 water moccasins (Lair:1)
  3 orc warriors
  5 sky beasts
  A black bear (D:8)
  An ice beast (D:10)
  An ogre (D:5)
  6 centaurs
  A crocodile (D:10)
  A big kobold (D:10)
  Blork the orc (D:6)
  10 bullfrogs
  3 wyvern skeletons
  A water moccasin skeleton (D:11)
  3 scorpions
  3 killer bees (D:8)
  13 wights
  2 howler monkeys
  3 jellies
  A bullfrog zombie (D:9)
  4 crimson imps
  3 hounds
  3 centaur skeletons
  6 orc priests
  3 iguanas
  An iron imp (D:9)
  9 orc wizards
  5 worker ants
  A hound zombie (D:5)
  Robin (D:4)
  A hound skeleton (D:9)
  A howler monkey skeleton (D:6)
  2 worker ant zombies
  7 adders
  2 shadow imps
  An ooze (D:2)
  2 adder zombies
  5 worms
  6 dart slugs
  6 leopard geckos
  72 orcs
  2 giant cockroaches
  10 goblins
  11 hobgoblins
  7 quokkas
  2 ball pythons
  A ball python skeleton (D:4)
  6 bats
  8 frilled lizards (D:1)
  2 jackal skeletons
  A jackal zombie (D:8)
  12 kobolds
  A leopard gecko skeleton (D:5)
  A leopard gecko zombie (D:7)
  A quokka skeleton (D:7)
  9 rats
297 creatures vanquished.

Vanquished Creatures (collateral kills)
  A steam dragon (D:5)
1 creature vanquished.

Grand Total: 298 creatures vanquished

Notes
Turn   | Place    | Note
-------+----------+-------------------------------------------
     0 | D:1      | brandon the Minotaur Berserker began the quest for the Orb.
     0 | D:1      | Reached XP level 1. HP: 19/19 MP: 0/0
   301 | D:1      | Reached XP level 2. HP: 23/27 MP: 1/1
   304 | D:1      | Reached skill level 4 in Axes
   815 | D:2      | Reached XP level 3. HP: 30/33 MP: 2/2
   827 | D:2      | Found a faded altar of an unknown god.
   903 | D:2      | Reached ** piety under Trog
   905 | D:2      | Reached skill level 1 in Shields
  1669 | D:2      | Reached XP level 4. HP: 29/40 MP: 3/3
  2334 | D:3      | Found a blossoming altar of Fedhas.
  2748 | D:3      | Found an ornate altar of the Wu Jian Council.
  2771 | D:3      | Reached skill level 5 in Axes
  2771 | D:3      | Reached XP level 5. HP: 26/47 MP: 4/4
  3085 | D:3      | Reached *** piety under Trog
  3660 | D:4      | Reached XP level 6. HP: 54/55 MP: 5/5
  3676 | D:4      | Noticed Edmund
  3684 | D:4      | Killed Edmund
  3684 | D:4      | Reached skill level 5 in Fighting
  3684 | D:4      | Reached skill level 6 in Axes
  3935 | D:4      | Found a sparkling altar of Nemelex Xobeh.
  4164 | D:4      | Noticed Robin
  4179 | D:4      | Killed Robin
  4179 | D:4      | Reached XP level 7. HP: 59/61 MP: 6/6
  4730 | D:4      | Reached **** piety under Trog
  4817 | D:5      | Entered Level 5 of the Dungeon
  4877 | D:5      | Found a sacrificial altar of Ru.
  5017 | D:5      | Reached skill level 7 in Axes
  5157 | D:5      | Found a staircase to the Ecumenical Temple.
  5187 | D:5      | Reached skill level 5 in Armour
  5193 | D:5      | Noticed a steam dragon
  5203 | D:5      | Killed a steam dragon
  5400 | D:5      | Reached XP level 8. HP: 67/70 MP: 7/7
  5643 | D:5      | Reached skill level 8 in Axes
  6236 | D:6      | Found a stormy altar of Qazlal.
  6258 | D:6      | Reached skill level 9 in Axes
  6278 | D:6      | Noticed an air elemental
  6397 | D:6      | Reached ***** piety under Trog
  6665 | D:6      | Found a runed door.
  6709 | D:6      | Noticed Blork the orc
  6715 | D:6      | Killed Blork the orc
  6903 | D:6      | Found a runed gate.
  6903 | D:6      | Found a runed gate.
  6903 | D:6      | Noticed geeseburger's ghost (novice NaFi)
  6904 | D:6      | Found a runed gate.
  7428 | D:7      | Reached skill level 5 in Shields
  7447 | D:7      | Noticed Menkaure
  7452 | D:7      | Killed Menkaure
  7452 | D:7      | Reached XP level 9. HP: 79/79 MP: 8/8
  7565 | D:7      | Found a hazy altar of Hepliaklqana.
  7590 | D:7      | Reached skill level 10 in Axes
  7725 | D:7      | Found Efach's Gadget Boutique.
  8255 | D:7      | Found a bloodstained altar of Trog.
  8513 | D:8      | Received a gift from Trog
  9093 | D:8      | Reached skill level 11 in Axes
  9114 | D:8      | Found an opulent altar of Gozag.
 10132 | D:9      | Found a deep blue altar of Sif Muna.
 10145 | D:9      | Found a snail-covered altar of Cheibriados.
 10406 | D:9      | Reached XP level 10. HP: 81/90 MP: 9/9
 10480 | D:9      | Found a staircase to the Orcish Mines.
 10784 | D:10     | Entered Level 10 of the Dungeon
 11090 | D:10     | Received a gift from Trog
 11121 | D:10     | Reached skill level 12 in Axes
 11491 | D:10     | Found a staircase to the Lair.
 11513 | D:10     | Noticed Urug
 11531 | D:10     | Killed Urug
 12214 | D:11     | Noticed a two-headed ogre
 12221 | D:11     | Killed a two-headed ogre
 12221 | D:11     | Reached skill level 13 in Axes
 12221 | D:11     | Reached XP level 11. HP: 99/99 MP: 10/10
 12441 | D:11     | Reached skill level 10 in Fighting
 12582 | D:11     | Noticed a brown ugly thing
 12600 | D:11     | Killed a brown ugly thing
 12873 | D:11     | Found Yvolom's Antique Weapon Shoppe.
 13043 | Lair:1   | Entered Level 1 of the Lair of Beasts
 13078 | Lair:1   | Reached ****** piety under Trog
 13087 | Lair:1   | HP: 5/100 [poisoned by a water moccasin]
 13093 | Lair:1   | HP: 4/100 [poisoned by a water moccasin]
 13099 | D:10     | HP: 4/100 [poisoned by a water moccasin]
 13106 | D:10     | HP: 3/100 [poisoned by a water moccasin]
 13927 | Lair:1   | Noticed Sonja
 13962 | Lair:1   | HP: 7/151 [poisoned by Sonja]
 13963 | Lair:1   | HP: 3/151 [poisoned by Sonja]
 13964 | Lair:1   | Succumbed to Sonja's poison

Skill      XL: |  1  2  3  4  5  6  7  8  9 10 11 |
---------------+----------------------------------+-----
Axes           | 4 5 6 7 9 11 13 | 13.6
Fighting       | 4 5 6 7 8 9 10 | 10.3
Shields        | 1 2 3 4 5 6 8 9 |  9.0
Armour         | 3 4 5 6 8 9 |  9.9
Dodging        | 3 |  3.3

Action                   |  1- 3 |  4- 6 |  7- 9 | 10-12 || total
-------------------------+-------+-------+-------+-------++-------
Melee: Hand axe          |    86 |   169 |   140 |       ||   395
       Headbutt          |    15 |    33 |    72 |    65 ||   185
       Broad axe         |       |       |   200 |   240 ||   440
Invok: Berserk           |     1 |     3 |     4 |     3 ||    11
       Brothers in Arms  |       |       |     1 |     1 ||     2
  Use: Scroll            |       |       |       |    14 ||    14
 Stab: Distracted        |       |       |     1 |       ||     1
  Eat: Chunk             |     3 |     7 |    16 |    12 ||    38
       Ration            |       |     1 |     2 |     1 ||     4
Armor: Animal skin       |    14 |     1 |       |       ||    15
       Ring mail         |       |    37 |       |       ||    37
       Chain mail        |       |    15 |    35 |       ||    50
       Steam dragon scal |       |       |    73 |       ||    73
       Plate armour      |       |       |    10 |   146 ||   156
Dodge: Dodged            |    49 |    80 |   163 |    78 ||   370
Block: Buckler           |     8 |    22 |    76 |    78 ||   184
       Reflection        |       |       |       |     1 ||     1
